Match 42436100
Unlisted

Match 42436100
End
Scout Squad
Construct Weapon Support Center
Selects Advanced Infantry Battlegroup
M1919 Machine Gun Team
M1919 Machine Gun Team
Bazooka Squad
Bazooka Squad
Selects Artillery Observers
Artillery Observer Squad
Mechanized Support Center
Selects Convert to Ranger Squad
Construct Barracks
Ranger Squad
Construct Medical Station
Selects Designate Assault Position
Tanith's Finest
Lilfuture
0
0

Comments sign in to comment!

No comments posted yet!